 Dungeon Crawl Stone Soup version 0.30.1-11-g7821555f0a (webtiles) character file.

Game seed: 4262279379974702051

168 bearlyready the Ruffian (level 5, -2/41 HPs)
             Began as a Ghoul Warper on Nov 7, 2023.
             Was an Initiate of Ru.
             Slain by Sigmund
             ... wielding a +0 scythe
              (7 damage)
             ... on level 3 of the Dungeon.
             The game lasted 00:04:04 (1988 turns).

bearlyready the Ruffian (Ghoul Warper)              Turns: 1988, Time: 00:04:05

Health: -2/41      AC: 14    Str: 17    XL:     5   Next: 48%
Magic:  6/6        EV:  5    Int:  8    God:    Ru [......]
Gold:   83         SH:  0    Dex:  8    Spells: 7/7 levels left

rFire   + .          .
                       - Unarmed
rCold   + + .        (no shield)
rNeg    + + +        e - +3 plate armour
rPois   ∞            (no helmet)
rElec   +            (no cloak)
rCorr   +            (no gloves)
SInv    .            g - +0 pair of boots
Will    .....        (no amulet) Stlth
                     (no ring)
HPRegen 0.00/turn    (no ring)
MPRegen 0.10/turn

%: no passive effects
@: confused, resistant, flying, inhibited regen
A: claws 1, cold resistance 1, negative energy resistance 3, inhibited
regeneration, torment resistance 2, devour on kill
a: Renounce Religion


You were on level 3 of the Dungeon.
You worshipped Ru.
Ru was noncommittal.
You visited 1 branch of the dungeon, and saw 3 of its levels.

You collected 83 gold pieces.

Inventory:

Missiles
 c - 7 boomerangs of dispersal (quivered)
Armour
 a - a +0 leather armour
 e - a +3 plate armour (worn)
 g - a +0 pair of boots (worn)
Scrolls
 b - 2 scrolls of blinking
 d - 5 scrolls of identify {unknown}
 f - 2 scrolls of immolation {unknown}
 j - 2 scrolls of noise {unknown}


   Skills:
 - Level 2.1 Fighting
 - Level 0.8 Throwing
 - Level 0.8 Armour
 - Level 1.7 Dodging
 + Level 6.1 Unarmed Combat
 - Level 1.7 Spellcasting
 - Level 2.6 Translocations


You had 7 spell levels left.
You didn't know any spells.
Your spell library contained the following spells:

 Spells                   Type           Power      Damage    Failure   Level
 Blink                    Tloc           10%        N/A       100%        2
 Lesser Beckoning         Tloc           10%        N/A       100%        2
 Teleport Other           Tloc           5%         N/A       100%        3
 Vhi's Electric Charge    Tloc/Air       4%         N/A       100%        3
 Manifold Assault         Tloc           5%         N/A       100%        4
 Summon Forest            Summ/Tloc      1%         N/A       100%        5
 Eringya's Noxious Bog    Tmut/Pois      0%         N/A       100%        6
 Summon Hydra             Summ           0%         N/A       100%        7


Dungeon Overview and Level Annotations

Branches:
Dungeon (3/15)

Altars:
Ru

Annotations:
D:3 Sigmund


Innate Abilities, Weirdness & Mutations

You are immune to poison.
You have sharp fingernails.
Your flesh is cold resistant. (rC+)
You are immune to negative energy. (rN+++)
You do not regenerate when monsters are visible.
You are immune to unholy pain and torment.
You thrive by killing the living.


Message History

You bump into the rock wall.
Sigmund barely misses you.
You closely miss Sigmund. Your claw misses Sigmund.
Sigmund hits you with a +0 scythe!
You're too confused to move!
You miss Sigmund.
Sigmund points at you and mumbles some strange words.
You resist with some effort.
You scratch Sigmund.
Sigmund is lightly wounded.
You feel less confused. Sigmund casts a spell at you.
You are confused.
You barely miss Sigmund.
Sigmund is lightly wounded.
Sigmund casts a spell at you.
The puff of flame hits you but does no damage.
Found a dull robe.
Sigmund hits you with a +0 scythe.
Sigmund points at you and mumbles some strange words.
You are more confused.
Sigmund hits you with a +0 scythe.
You are too confused!
You miss Sigmund.
Sigmund is lightly wounded.
Sigmund hits you but does no damage.
You miss Sigmund.
Sigmund is lightly wounded.
You claw Sigmund!
Sigmund is heavily wounded.
Sigmund gestures wildly while chanting.
Sigmund flickers and vanishes!
Deactivating autopickup; reactivate with Ctrl-A.
You miss something. Something hits you! Something hits you!
* * * LOW HITPOINT WARNING * * *
You feel protected. Something hits you.
* * * LOW HITPOINT WARNING * * *
You bump into the rock wall.
Something hits you!
You die...

.. ...##...#....+#####
>##..#...............
....#....###.##.####
###...#....#......####
.....#....#.#.#####..
#...#....#.#.# #..
#...#....# #.# #..
#......### #.#####..
##.@#......#.....'..
#.{##############..
#.....[... #..
##.####### #.. ..# #..
#### ###


There were no monsters in sight!

Vanquished Creatures
  An orc wizard (D:3)
  2 adders
  6 gnolls
  A worm (D:2)
  2 dart slugs
  An orc (D:3)
  3 ball pythons
  6 endoplasms
  3 giant cockroaches
  4 goblins
  7 hobgoblins
  6 kobolds
  A quokka (D:1)
  7 bats
  4 frilled lizards
  9 rats
63 creatures vanquished.

Notes
Turn   | Place    | Note
-------+----------+-------------------------------------------
     0 | D:1      | bearlyready the Ghoul Warper began the quest for the Orb.
     0 | D:1      | Reached XP level 1. HP: 17/17 MP: 2/2
   133 | D:1      | Reached XP level 2. HP: 24/24 MP: 3/3
   150 | D:1      | Reached skill level 3 in Unarmed Combat
   429 | D:1      | Reached XP level 3. HP: 28/29 MP: 4/4
   684 | D:1      | Reached skill level 4 in Unarmed Combat
   864 | D:2      | Reached XP level 4. HP: 15/36 MP: 5/5
  1229 | D:2      | Reached skill level 5 in Unarmed Combat
  1300 | D:2      | Identified the +2 pair of boots of the Amoeba {*Slow +Inv
                  | rN+ Slay+3}
  1782 | D:3      | Reached XP level 5. HP: 41/41 MP: 6/6
  1861 | D:3      | Found a sacrificial altar of Ru.
  1876 | D:3      | Reached skill level 6 in Unarmed Combat
  1887 | D:3      | Became a worshipper of Ru the Awakened
  1962 | D:3      | Noticed Sigmund
  1988 | D:3      | Slain by Sigmund

Illustrated notes

Levels and vault maps discovered:
D:1:      heliophobic_arrival_enchanted_forest, layout_loops_ring
D:2:      wander_river, layout_loops_ring, basic_altar
D:3:      layout_basic, nicolae_ru_great_annihilating_truth,
          lemuel_crystal_altar, serial_glass, glass_columns_c, glass_columns_b,
          glass_columns_c, glass_columns_a, glass_columns_c, uniq_sigmund

Skill      XL: |  1  2  3  4  5 |
---------------+----------------+-----
Unarmed Combat | 3 4 5 6 |  6.1
Fighting       | |  2.1
Throwing       | |  0.8
Armour         | |  0.8
Dodging        | |  1.7
Spellcasting   | |  1.7
Translocations | |  2.6

Action                     |  1- 3 |  4- 6 || total
---------------------------+-------+-------++-------
  Melee: Unarmed           |   102 |    99 ||   201
         Punch             |     1 |     3 ||     4
    Use: Potion            |       |     4 ||     4
   Stab: Paralysed         |       |     1 ||     1
 Armour: Leather armour    |     4 |       ||     4
         Plate armour      |    51 |    56 ||   107
  Dodge: Dodged            |    21 |    19 ||    40
